 Dungeon Crawl Stone Soup version 0.28.0-1-gb440e238dd (webtiles) character file.

Game seed: 15956063058180125418

81 smarlow the Conjurer (level 4, -14/24 HPs)
             Began as a Deep Elf Conjurer on Feb 23, 2022.
             Shot with an arrow by a centaur (15 damage)
             ... on level 3 of the Dungeon.
             The game lasted 00:02:42 (2302 turns).

smarlow the Conjurer (Deep Elf Conjurer)            Turns: 2302, Time: 00:02:42

Health: -14/24     AC:  2    Str:  4    XL:     4   Next: 20%
Magic:  8/12       EV: 12    Int: 25    God:
Gold:   69         SH:  0    Dex: 13    Spells: 5/12 levels left

rFire   . . .      SeeInvis .   (no weapon)
rCold   . . .      Faith    .   (no shield)
rNeg    . . .      Spirit   .   a - +0 robe
rPois   .          Reflect  .   (no helmet)
rElec   .          Harm     .   (no cloak)
rCorr   .          Rampage  .   (no gloves)
Will    .....                   (no boots)
Stlth   ++........              (no amulet)
HPRegen 0.08/turn               (no ring)
MPRegen 0.13/turn               (no ring)

@: no status effects
A: no striking features
a: no special abilities


You were on level 3 of the Dungeon.
You visited 1 branch of the dungeon, and saw 3 of its levels.

You collected 69 gold pieces.

Inventory:

Armour
 a - a +0 robe (worn)
Jewellery
 b - a ring of fire
Scrolls
 d - 2 scrolls of noise {unknown}
 e - 2 scrolls of identify {unknown}
Potions
 c - a potion of degeneration {unknown}
 f - a potion of cancellation {unknown}
 g - a potion of curing {unknown}


   Skills:
 + Level 0.0 Armour
 - Level 2.5 Dodging
 - Level 2.6 Stealth
 * Level 4.7 Spellcasting
 * Level 5.3 Conjurations


You had 5 spell levels left.
You knew the following spells:

 Your Spells              Type           Power      Damage    Failure   Level
a - Magic Dart            Conj           100%       1d8       1%          1
b - Searing Ray           Conj           64%        2d6       1%          2
c - Iskenderun's Mystic   Conj/Tloc      19%        2d6       28%         4

Your spell library contained the following spells:

 Spells                   Type           Power      Damage    Failure   Level
 Dazzling Flash           Conj/Hex       38%        N/A       9%          3
 Fulminant Prism          Conj/Hex       9%         3d7       28%         4


Dungeon Overview and Level Annotations

Branches:
Dungeon (3/15)

Altars:


Message History

You now have 69 gold pieces (gained 8).
A goblin comes into view. It is wielding a +0 dagger.
The magic dart hits the goblin.
The goblin is severely wounded.
The goblin shouts!
The magic dart hits the goblin!
You kill the goblin!
Things that are here:
a +0 dagger; a goblin corpse You enter the shallow water.
Moving in this stuff is going to be slow.
Found 3 poisoned darts.
You see here 3 poisoned darts.
Found 14 bolts.
Found an escape hatch in the ceiling.
Found a stone staircase leading down.
A centaur comes into view.
The magic dart hits the centaur.
The centaur is lightly wounded.
The magic dart hits the centaur but does no damage.
The centaur is lightly wounded.
The centaur wields a +0 shortbow.
The centaur shoots an arrow.
The arrow closely misses you.
The magic dart hits the centaur.
The centaur is lightly wounded.
The centaur shoots an arrow.
The arrow hits you!
The magic dart hits the centaur.
The centaur is heavily wounded.
The centaur shoots an arrow.
The arrow hits you!
* * * LOW HITPOINT WARNING * * *
Okay, then.
The centaur shoots an arrow.
The arrow hits you.
* * * LOW HITPOINT WARNING * * *
The centaur shoots an arrow.
The arrow closely misses you.
The centaur shoots an arrow.
The arrow barely misses you.
There is a stone staircase leading down here.
You can't go up here!
The centaur shoots an arrow.
The arrow hits you!
Ouch! That really hurt!
You die...

..##.....≈≈##......
#.##......≈≈≈.....#
..##......# ≈≈#c.##
..##......# ....≈#
≈.....##### #..≈≈
.####.# #..#
.####.# #..#
....#(### #####..#
.##.#...# #.....@#
≈## ###.###.#######
..# #...#.#.....#
..#. ####.#.#...#
≈... #....#.....#.#
≈.## #.######.....#
### #.# #.##### #
#.# #.# # #.####
#.#


You could see a centaur.

Vanquished Creatures
  3 adders (D:2)
  A gnoll (D:1)
  A dart slug (D:1)
  6 endoplasms
  3 goblins
  6 hobgoblins
  3 jackals (D:1)
  A quokka (D:1)
  3 ball pythons (D:2)
  4 bats
  4 frilled lizards
  3 kobolds
  2 rats
40 creatures vanquished.

Notes
Turn   | Place    | Note
-------+----------+-------------------------------------------
     0 | D:1      | smarlow the Deep Elf Conjurer began the quest for the Orb.
     0 | D:1      | Reached XP level 1. HP: 10/10 MP: 6/6
   193 | D:1      | Found a faded altar of an unknown god.
   399 | D:1      | Reached XP level 2. HP: 15/15 MP: 5/8
   886 | D:1      | Reached XP level 3. HP: 19/19 MP: 4/10
   941 | D:1      | Learned a level 2 spell: Searing Ray
  1479 | D:2      | Reached skill level 5 in Conjurations
  1768 | D:2      | Reached XP level 4. HP: 24/24 MP: 8/12
  1774 | D:2      | Learned a level 4 spell: Iskenderun's Mystic Blast
  2033 | D:2      | Identified the +1 ring mail of Circular Logic {rElec}
  2295 | D:3      | Noticed a centaur
  2300 | D:3      | HP: 1/24 [centaur/arrow (4)]
  2302 | D:3      | Shot with an arrow by a centaur

Illustrated notes

Levels and vault maps discovered:
D:1:      wheals_arrival_linesprint, layout_loops_corners,
          hellmonk_ecumenical_altar_heavens_door
D:2:      layout_rooms
D:3:      layout_basic, serial_rivers, chequers_serial_rivers_large_a,
          chequers_serial_rivers_micro_a, chequers_serial_rivers_small_b,
          chequers_serial_rivers_small_3, chequers_serial_rivers_micro_e,
          uniq_terence

Skill      XL: |  1  2  3 |
---------------+----------+-----
Spellcasting   | 4 |  4.7
Conjurations   | 5 |  5.3
Dodging        | |  2.5
Stealth        | |  2.6

Action                   |  1- 3 |  4- 6 || total
-------------------------+-------+-------++-------
 Cast: Magic Dart        |    70 |    16 ||    86
Dodge: Dodged            |     2 |     3 ||     5
